 Dungeon Crawl Stone Soup version 0.23-a0-270-gab6feb3 (webtiles) character file.

26 Felrender the Gusty (level 2, -1/30 HPs)
             Began as a Draconian Air Elementalist on Oct 1, 2018.
             Slain by a kobold
             ... wielding a +0 whip
              (3 damage)
             ... on level 1 of the Dungeon.
             The game lasted 00:02:34 (824 turns).

Felrender the Gusty (Draconian Air Elementalist)     Turns: 824, Time: 00:02:34

Health: -1/30      AC: 21    Str: 10    XL:     2   Next: 89%
Magic:  4/5        EV:  2    Int: 15    God:
Gold:   31         SH:  0    Dex: 11    Spells: 2/5 levels left

rFire    . . .     SeeInvis .   g - -1 dagger (curse)
rCold    . . .     Gourm    .   (no shield)
rNeg     + + +     Faith    .   (armour unavailable)
rPois    +         Spirit   .   (helmet currently unavailable)
rElec    .         Reflect  .   (cloak currently unavailable)
rCorr    .         Harm     .   (gloves currently unavailable)
MR       .....     NoTele   +   (boots currently unavailable)
Stlth    ++........             (no amulet)
HPRegen  0.10/turn              (no ring)
MPRegen  0.09/turn              (no ring)

@: tree-form, very slightly contaminated
A: unfitting armour, AC +4
a: no special abilities


You were on level 1 of the Dungeon.
You were not hungry.
You were a tree.
You visited 1 branch of the dungeon, and saw 1 of its levels.

You collected 31 gold pieces.

Inventory:

Hand Weapons
 g - a cursed -1 dagger (weapon)
Missiles
 a - 4 curare-tipped needles
Comestibles
 b - a ration
 c - a chunk of flesh


   Skills:
 + Level 0.1 Fighting
 + Level 2.1 Dodging
 + Level 1.8 Stealth
 + Level 0.2 Unarmed Combat
 * Level 2.2 Spellcasting
 + Level 1.0 Conjurations
 * Level 3.5 Air Magic


You had 2 spell levels left.
You knew the following spells:

 Your Spells              Type           Power        Failure   Level  Hunger
a - Shock                 Conj/Air       #...         9%          1    #......
b - Swiftness             Chrm/Air       #.......     16%         2    ###....

Your spell library contained the following spells:

 Spells                   Type           Power        Failure   Level  Hunger
 Static Discharge         Conj/Air       #.......     26%         3    ###....
 Airstrike                Air            ##........   45%         4    #####..
 Lightning Bolt           Conj/Air       #.........   93%         5    ######.


Dungeon Overview and Level Annotations

Branches:
Dungeon (1/15)

Altars:


Innate Abilities, Weirdness & Mutations

((Your plain brown scales are hard. (AC +4)))
You cannot fit into any form of body armour.
((You are cold-blooded and may be slowed by cold attacks.))


Message History

Casting: Swiftness (safe; 16% risk of failure)
Confirm with . or Enter, or press ? or * to list all spells.
Aiming: Shock (safe; 9% risk of failure)
Press: ? - help, Shift-Dir - straight line, f - goblin, p - kobold
Aim: a goblin The zap hits the kobold.
You kill the kobold!
The zap hits the goblin.
The goblin is severely wounded.
The kobold hits you but does no damage.
You hit the goblin but do no damage.
The goblin is heavily wounded.
The kobold hits you but does no damage. The goblin hits you but does no damage.
You hit the kobold.
The kobold is severely wounded.
The kobold hits you but does no damage. The goblin hits you but does no damage.
You hit the kobold but do no damage.
The kobold is severely wounded.
The kobold hits you with a whip.
You die...

..#... ##....... .......
#........ #....####.# .
#.....#..)# .. #.#...#.###
.. ...#.##..#.####...K.....
..........(.............
#........###..# .....
###.....)♣g...# .....
#...###(.K...#...$.
#...###......#..#
##...#...........####
###......#....÷........
##.g...................K
#.....####.......#......
.....#...##................
.............###........#..


You could see a goblin and a kobold.

Vanquished Creatures
  2 oozes (D:1)
  A dart slug (D:1)
  A ball python (D:1)
  2 bats (D:1)
  5 kobolds (D:1)
  A frilled lizard (D:1)
  5 rats (D:1)
17 creatures vanquished.

Notes
Turn   | Place    | Note
-------+----------+-------------------------------------------
     0 | D:1      | Felrender the Draconian Air Elementalist began the quest
                  | for the Orb.
     0 | D:1      | Reached XP level 1. HP: 14/14 MP: 3/3
   195 | D:1      | Reached XP level 2. HP: 4/20 MP: 0/5
   248 | D:1      | HP: 1/20 [kobold (1)]
   801 | D:1      | Learned a level 2 spell: Swiftness
   817 | D:1      | HP: 1/20 [kobold (2)]
   824 | D:1      | Slain by a kobold

Vault maps used:
D:1:      sevenhm_arrival_forest_fort_large_1

Skill      XL: |  1 |
---------------+----+-----
Dodging        | 2 |  2.1
Fighting       | |  0.1
Stealth        | |  1.8
Unarmed Combat | |  0.2
Spellcasting   | |  2.2
Conjurations   | |  1.0
Air Magic      | |  3.5

Action                   || total
-------------------------++-------
Melee: Unarmed           ||    65
       Tailslap          ||     8
       Dagger            ||    14
 Cast: Shock             ||    22
  Use: Scroll            ||     2
       Potion            ||     2
 Stab: Sleeping          ||     1
Armor: Skin              ||    55
Dodge: Dodged            ||    76

Table legend:
 A = Non-vault XP
 B = Vault XP
 C = Vault XP percentage of total XP
 D = Non-vault monster count
 E = Vault monster count
 F = Vault count percentage of total count
                 A         B        C        D         E       F
            +---------+---------+-------+---------+---------+-------
      Total |      34 |       4 |  10.5 |      14 |       3 |  17.6
            +---------+---------+-------+---------+---------+-------
        D:1 |      34 |       4 |  10.5 |      14 |       3 |  17.6
            +---------+---------+-------+---------+---------+-------
